AoeStats
← tavoo

Hideout

509839309Analyzed
1v1 RM · 5d ago on Sep 28, 2026· 37m 35s· 2 players
Game mode
Random Map
Map size
Tiny (2 player)
Population
200
Speed
Normal
Resources
Standard
Victory
Conquest
Starting age
Dark Age
Ending age
Imperial Age
RankedLock teamsTeams togetherTeam positionsShared explorationLock speedFull tech treeHidden civsTurbo modeCheats
Victory
Defeat
🇲🇽 Bulgarians · Mexico
1356
+15
🇧🇷 Celts · Brazil
1341
-15
MzO*
7:25 Loom
10:20 Feudal Age
13:58 Castle Age
12:20 Stone Mining
13:18 Double-Bit Axe
14:42 Horse Collar
22:16 Scale Mail Armor
23:10 Forging
30:53 Town Watch
35:51 Bow Saw
tavoo
10:19 Feudal Age
14:46 Castle Age
13:33 Scale Mail Armor
13:46 Forging
16:42 Loom
18:43 Fletching
28:44 Double-Bit Axe
29:50 Bodkin Arrow
34:33 Imperial Age
32:39 Scale Barding Armor
36:19 Wheelbarrow
36:11 Husbandry
37:18 Iron Casting
37:38 Town Watch
Connection lost

Rejoining the realm…

Still unreachable

The connection could not be restored.

Session expired

The server has moved on; the page needs a fresh start.